 Dungeon Crawl Stone Soup version 0.27.0-1-g7a089689b8 (webtiles) character file.

Game seed: 18215695991377320681

46 Ijustatesigmund the Skirmisher (level 3, -2/36 HPs)
             Began as a Gargoyle Fighter on Aug 10, 2021.
             Slain by Robin (6 damage)
             ... on level 3 of the Dungeon.
             The game lasted 00:03:04 (2297 turns).

Ijustatesigmund the Skirmisher (Gargoyle Fighter)   Turns: 2297, Time: 00:03:05

Health: -2/36      AC: 21    Str: 18 (19) XL:     3   Next: 66%
Magic:  3/3        EV:  2    Int:  6 (8)  God:
Gold:   72         SH:  8    Dex:  9 (10) Spells: 2/2 levels left

rFire    . . .     SeeInvis .   a - +0 flail
rCold    . . .     Faith    .   c - +0 kite shield
rNeg     + + +     Spirit   .   (armour currently unavailable)
rPois    ∞         Reflect  .   (helmet currently unavailable)
rElec    .         Harm     .   (cloak currently unavailable)
rCorr    .         Rampage  .   (gloves currently unavailable)
Will     .....     NoTele   +   (boots currently unavailable)
Stlth    +.........             (no amulet)
HPRegen  0.12/turn              (no ring)
MPRegen  0.08/turn              (no ring)

@: mighty, tree-form, attractive
A: stationary, stasis, torment immunity, boosted hp, sickness immunity, AC +3,
negative energy resistance 1, (electricity resistance), torment resistance 1,
petrification resistance
a: no special abilities


You were on level 3 of the Dungeon.
You were a tree.
You visited 1 branch of the dungeon, and saw 3 of its levels.

You collected 72 gold pieces.

Inventory:

Hand Weapons
 a - a +0 flail (weapon)
Armour
 b - a +0 chain mail (melded)
 c - a +0 kite shield (worn)
Wands
 e - a wand of iceblast (7)
Potions
 g - a potion of lignification


   Skills:
 + Level 4.0 Fighting
 * Level 3.0 Maces & Flails
 + Level 3.3 Armour
 - Level 0.7 Dodging
 - Level 3.2 Shields


You had 2 spell levels left.
You didn't know any spells.
Your spell library contained the following spells:

 Spells                   Type           Power      Damage    Failure   Level
 Summon Small Mammal      Summ           0%         N/A       92%         1
 Call Canine Familiar     Summ           0%         N/A       100%        3
 Summon Guardian Golem    Hex/Summ       0%         N/A       100%        3


Dungeon Overview and Level Annotations

Branches:
Dungeon (3/15)

Altars:

Annotations:
D:3 Robin


Innate Abilities, Weirdness & Mutations

You are a tree.
Your roots penetrate the ground, keeping you stationary.
You cannot be teleported.
You are immune to unholy pain and torment.
Your maximum health is greatly increased.
Your equipment is partially melded.
You are immune to sickness and miasma.
((Your stone body is resilient. (AC +3)))
You are immune to poison.
You resist negative energy. (rN+)
((You are resistant to electric shocks. (rElec)))
You are resistant to unholy torment.
You are immune to petrification.


Message History

You sock the goblin!
You kill the goblin!
The hobgoblin no longer looks unusually strong.
The hobgoblin hits you.
* * * LOW HITPOINT WARNING * * *
The goblin completely misses you. You block the goblin's attack.
The orc hits you but does no damage.
The hobgoblin hits you but does no damage.
The goblin hits you with a +0 club.
* * * LOW HITPOINT WARNING * * *
You block the goblin's attack.
It was a potion of lignification.
You turn into a tree.
Your +0 chain mail melds into your body.
Your roots penetrate the ground.
The goblin no longer looks unusually strong.
Robin throws the goblin at you! The orc hits you but does no damage.
The goblin hits you but does no damage.
The hobgoblin hits you but does no damage.
The goblin hits you but does no damage. You block the goblin's attack.
It was a potion of attraction.
You feel attractive to monsters.
The hobgoblin no longer looks unusually strong.
Robin roars a battlecry!
The goblins go into a battle-frenzy!
You block the orc's attack. The goblin completely misses you.
You block the hobgoblin's attack. The goblin barely misses you. x2
It was a potion of degeneration.
There was something very wrong with that liquid.
You feel weakened.
You feel dopey.
You feel clumsy. The orc barely misses you.
The goblin hits you but does no damage.
The hobgoblin hits you but does no damage.
You block the goblin's attack. The goblin barely misses you.
You sock Robin!
Robin is almost dead.
Robin hits you but does no damage. The orc hits you but does no damage.
You block the goblin's attack.
The hobgoblin hits you but does no damage.
You block the goblin's attack. The goblin hits you but does no damage.
Robin hits you with a +0 falchion.
You die...

#(#...#...#...#...#.!.#..
##..#...#...#...#..........
###..#...#...#...#..##....
#....#...#........# ###
#.###..#...#......#
#.#####).#..#####.#
#........gg.# .#
#########og.# .# #g♣gg# .#
#.#gg.# # #...# #...# #...#
#.... #.#### ###


You could see Robin, an orc, 3 hobgoblins and 4 goblins.

Vanquished Creatures
  A worm (D:2)
  5 endoplasms
  4 giant cockroaches
  3 goblins
  6 hobgoblins
  3 jackals (D:1)
  3 kobolds
  A quokka (D:1)
  5 bats
  A frilled lizard (D:2)
  4 rats
36 creatures vanquished.

Notes
Turn   | Place    | Note
-------+----------+-------------------------------------------
     0 | D:1      | Ijustatesigmund the Gargoyle Fighter began the quest for
                  | the Orb.
     0 | D:1      | Reached XP level 1. HP: 14/14 MP: 1/1
   320 | D:1      | Reached XP level 2. HP: 17/20 MP: 2/2
   367 | D:1      | Found a faded altar of an unknown god.
  1134 | D:1      | Reached XP level 3. HP: 24/24 MP: 3/3
  2267 | D:3      | Noticed Robin
  2284 | D:3      | Reached skill level 4 in Fighting
  2297 | D:3      | Slain by Robin

Illustrated notes

Levels and vault maps discovered:
D:1:      lightli_iron_boxes, layout_loops_ring,
          hellmonk_ecumenical_altar_dog_temple, nrook_uturn,
          corexii_leaking_fountain, dk_noncrumbling_3, roderic_lattice_a
D:2:      layout_loops_ring, st_stairs_6
D:3:      layout_basic, minitemple, hex_large, uniq_robin

Skill      XL: |  1  2  3 |
---------------+----------+-----
Fighting       | 4 |  4.0
Maces & Flails | 3 |  3.0
Armour         | |  3.3
Dodging        | |  0.7
Shields        | |  3.2

Action                   || total
-------------------------++-------
Melee: Flail             ||   120
  Use: Potion            ||     4
       Scroll            ||     2
Armor: Scale mail        ||    62
       Chain mail        ||    24
       Skin              ||    11
Dodge: Dodged            ||    46
Block: Kite shield       ||    89
